 Dungeon Crawl Stone Soup version 0.16-a0-3976-g683f154 (webtiles) character file.

188 timbw the Caller (level 5, 21/21 HPs)
             Began as a Felid Summoner on Feb 11, 2015.
             Quit the game on level 6 of the Dungeon.
             The game lasted 00:11:51 (1662 turns).

timbw the Caller (Felid Summoner)                   Turns: 1662, Time: 00:11:51

Health: 21/21      AC:  2    Str:  4    XL:     5   Next: 39%
Magic:  16/16      EV: 18    Int: 19    God:
Gold:   47         SH:  0    Dex: 16    Spells: 4 memorised, 3 levels left
                                        Lives:  0   Deaths: 1

rFire  . . .     SeeInvis +     (weapon unavailable)
rCold  . . .     Clarity  .     (armour unavailable)
rNeg   . . .     SustAb   .     (shield unavailable)
rPois  .         Gourm    .     (helmet unavailable)
rElec  .         Spirit   .     (cloak unavailable)
rCorr  .         Warding  .     (gloves unavailable)
rMut   .         Stasis   .     (boots unavailable)
MR     .....                    (no amulet)
Stlth  +++.......               (no ring)
                                (no ring)

@: quick, not resistant to hostile enchantments, fairly stealthy
A: paw claws, no armour, no weapons or thrown items, fangs 3, see invisible,
carnivore 3, speed 1, shaggy fur 2, slow metabolism 1, sharp paws
a: no special abilities


You were on level 6 of the Dungeon.
You were not hungry.

You visited 1 branch of the dungeon, and saw 7 of its levels.

You collected 67 gold pieces.
You spent 20 gold pieces at shops.

Inventory:

Magical devices
 l - a wand of frost (22)
Scrolls
 a - a scroll of silence
 e - a scroll of enchant weapon {unknown}
 f - 2 scrolls of teleportation
 g - 4 scrolls of remove curse {unknown}
 i - a scroll of fear {unknown}
 j - a scroll of fog
 m - 3 scrolls of random uselessness {unknown}
Potions
 k - a potion of heal wounds
Books
 b - a book of Callings

   Spells                             Type                      Level
   a - Summon Small Mammal            Summoning                    1
   b - Call Imp                       Summoning                    2
   c - Call Canine Familiar           Summoning                    3
   d - Summon Guardian Golem          Hexes/Summoning              4
   e - Summon Lightning Spire         Summoning/Air                4
   f - Summon Ice Beast               Ice/Summoning                4
Comestibles
 c - 2 meat rations
 d - a beef jerky
 n - a chunk of flesh


   Skills:
 - Level 2.6 Dodging
 - Level 2.6 Stealth
 + Level 4.6 Spellcasting
 + Level 6.2 Summonings


You had 3 spell levels left.
You knew the following spells:

 Your Spells              Type           Power        Failure   Level  Hunger
a - Summon Small Mammal   Summ           ####         1%          1    None
b - Call Imp              Summ           ####....     1%          2    #......
c - Call Canine Familiar  Summ           ####....     3%          3    ###....
d - Summon Lightning Spi  Summ/Air       ###.....     38%         4    ####...


Dungeon Overview and Level Annotations

Branches:
Dungeon (7/15)
 Temple: D:4-7

Altars:
Dithmenos
Gozag
Trog
Zin

Shops:
D:5 ?

Annotations:
D:6 Menkaure


Innate Abilities, Weirdness & Mutations

You cannot wear armour.
You are incapable of wielding weapons or throwing items.
You have razor-sharp teeth.
You have supernaturally acute eyesight.
You are carnivorous and can eat meat at any time.
You cover ground quickly.
You are covered in thick fur (AC +2).
You have a slow metabolism.
Your paws have sharp claws that are effective at stabbing.


Message History

Things that are here:
an uncursed shortbow; 3 chunks of flesh Eat one of 2 chunks of flesh? (ye/n/q/i?) This raw flesh tastes great.
The worker ant closely misses you.
Your crimson imp hits the worker ant but does no damage.
You continue eating.
The worker ant bites you.
* * * LOW HITPOINT WARNING * * *
You are lethally poisoned!
The worker ant poisons you!
Your crimson imp blinks!
Your crimson imp hits the worker ant.
The worker ant misses you.
You continue eating.
* * * LOW HITPOINT WARNING * * *
You feel sick.
Your crimson imp hits the worker ant.
The worker ant bites you.
You die...
You are now level 5!
You rejoin the land of the living...
Unknown command.
Are you sure you want to abandon this character and quit the game? (Confirm with "yes".)

###*********
#..,,,,,,,,*
#.#*******,*******
#.# *,,,,,,,* #.#
*******,*
#.########*****,,,
#@........,,,,*,,*
##########***,*,,*
*,*,,* **,*,,,
********,,,,**
*,,,,,,,,*,,**
*,******,,,,,, *,*
**,,,,,*
*,*****,*,*,,*


There were no monsters in sight!

Vanquished Creatures
  An adder (D:4)
  3 giant cockroaches
  2 goblins (D:3)
  A hobgoblin (D:4)
  3 kobolds
  A bat (D:6)
  2 rats (D:6)
13 creatures vanquished.

Vanquished Creatures (collateral kills)
  An ogre (D:5)
  A centaur (D:6)
  Duvessa (D:5)
  A giant frog (D:4)
  A crimson imp (D:6)
  Dowan (D:5)
  A goliath beetle (D:6)
  2 giant frog zombies (D:7)
  A giant frog skeleton (D:5)
  A hound (D:5)
  An iguana (D:4)
  A worker ant (D:4)
  4 adders (D:6)
  4 gnolls (D:4)
  3 orcs
  2 giant cockroaches
  A goblin (D:2)
  4 hobgoblins
  4 jackals (D:5)
  2 kobolds
  4 quokkas
  4 bats
  A giant gecko skeleton (D:5)
  A giant newt (D:4)
  A rat (D:5)
48 creatures vanquished.

Vanquished Creatures (others)
  5 crimson imps
  2 iron imps (D:6)
  5 hounds
  A shadow imp (D:5)
  4 white imps
  4 bats
  5 quokkas
  4 rats
30 creatures vanquished.

Grand Total: 91 creatures vanquished

Notes
Turn   | Place    | Note
--------------------------------------------------------------
     0 | D:1      | timbw, the Felid Summoner, began the quest for the Orb.
     0 | D:1      | Reached XP level 1. HP: 7/7 MP: 4/4
   237 | D:4      | Noticed an iguana
   336 | D:4      | Noticed a giant frog
   362 | D:4      | Reached XP level 2. HP: 11/11 MP: 0/6
   366 | D:4      | Learned a level 2 spell: Call Imp
   456 | D:4      | Killed an iguana
   543 | D:4      | Noticed a worker ant
   546 | D:4      | Killed a giant frog
   546 | D:4      | Reached XP level 3. HP: 14/14 MP: 0/9
   551 | D:4      | Learned a level 3 spell: Call Canine Familiar
   553 | D:4      | Killed a worker ant
   575 | D:3      | Reached XP level 4. HP: 18/18 MP: 1/12
   620 | D:5      | Entered Level 5 of the Dungeon
   638 | D:5      | Noticed a centaur
   705 | D:4      | Reached skill level 5 in Summonings
   761 | D:5      | Noticed an ogre
   771 | D:5      | Noticed Duvessa
   779 | D:6      | Noticed Menkaure
   847 | D:6      | Noticed a centaur
   851 | D:6      | Noticed a centaur
  1121 | D:7      | Reached XP level 5. HP: 21/21 MP: 1/15
  1146 | D:7      | Noticed an orc warrior
  1148 | D:7      | Noticed a centaur
  1274 | D:6      | Found a bloodstained altar of Trog.
  1286 | D:6      | Found a glowing silver altar of Zin.
  1289 | D:6      | Found a shadowy altar of Dithmenos.
  1386 | D:5      | Learned a level 4 spell: Summon Lightning Spire
  1406 | D:5      | Found a bloodstained altar of Trog.
  1458 | D:5      | Found Poishu's Magic Scroll Shoppe.
  1469 | D:5      | Bought a scroll of identify for 20 gold pieces
  1488 | D:5      | Found an opulent altar of Gozag.
  1498 | D:5      | Killed an ogre
  1516 | D:5      | Noticed Dowan
  1524 | D:5      | Killed Dowan
  1524 | D:5      | Gained mutation: You are covered in thick fur (AC +2). [growing up]
  1524 | D:5      | Reached XP level 6. HP: 2/24 MP: 4/18
  1547 | D:5      | Killed Duvessa
  1547 | D:5      | Reached skill level 6 in Summonings
  1655 | D:6      | Killed a centaur
  1661 | D:6      | Slain by a worker ant
  1662 | D:6      | Reached XP level 5. HP: -1/21 MP: 2/16
  1662 | D:6      | Quit the game

Action                   |  1- 3 |  4- 6 || total
-------------------------+-------+-------++-------
Melee: Unarmed           |    22 |    40 ||    62
 Cast: Summon Small Mamm |    21 |     9 ||    30
       Call Imp          |     6 |    36 ||    42
       Call Canine Famil |     1 |    14 ||    15
  Use: Scroll            |       |     7 ||     7
 Stab: Sleeping          |     3 |     2 ||     5
       Distracted        |     1 |       ||     1
  Eat: Chunk             |     2 |     6 ||     8
